 Dungeon Crawl Stone Soup version 0.31.0-32-g396128a36d (webtiles) character file.

Game seed: 11605824512166203941

90 Peloso the Shield-Bearer (level 4, 0/40 HPs)
             Began as a Minotaur Fighter on Mar 24, 2024.
             Slain by a gnoll
             ... wielding a +0 whip
              (4 damage)
             ... on level 1 of the Dungeon.
             The game lasted 00:02:29 (1533 turns).

Peloso the Shield-Bearer (Minotaur Fighter)         Turns: 1533, Time: 00:02:30

Health: 0/40       AC: 11    Str: 20    XL:     4   Next: 32%
Magic:  3/3        EV:  5    Int:  5    God:
Gold:   115        SH:  5    Dex: 12    Spells: 3/3 levels left

rFire   . . .        a - +0 long sword
rCold   . . .        d - +0 buckler
rNeg    . . .        c - +0 plate armour
rPois   .            (helmet restricted)
rElec   .            (no cloak)
rCorr   .            (no gloves)
SInv    .            (no boots)
Will    .....        (no amulet) Stlth
                     (no ring)
HPRegen 0.26/turn    (no ring)
MPRegen 0.08/turn

%: no passive effects
@: no status effects
A: horns 2, retaliatory headbutt
a: no special abilities


You were on level 1 of the Dungeon.
You visited 1 branch of the dungeon, and saw 2 of its levels.

You collected 115 gold pieces.

Inventory:

Hand Weapons
 a - a +0 long sword (weapon)
Armour
 b - a +0 scale mail
 c - a +0 plate armour (worn)
 d - a +0 buckler (worn)
Scrolls
 h - a scroll of teleportation {unknown}
 i - a scroll of amnesia {unknown}
Potions
 e - a potion of might


   Skills:
 + Level 3.9 Fighting
 + Level 4.2 Long Blades
 + Level 4.2 Armour
 + Level 4.4 Shields


You had 3 spell levels left.
You didn't know any spells.
Your spell library was empty.

Dungeon Overview and Level Annotations

Branches:
Dungeon (2/15)

Altars:

Shops:
D:1 :


Innate Abilities, Weirdness & Mutations

You have a pair of horns on your head.
You reflexively headbutt those who attack you in melee.


Message History

You are caught in a web!
The gnoll hits you with a +0 whip. You block the gnoll's attack.
The ribbon worm bites you.
You barely miss the gnoll.
The gnoll is severely wounded.
The gnoll hits you but does no damage.
The ribbon worm expels a string of sticky webbing.
The stream of webbing hits you but does no damage.
You are caught in a web!
The gnoll hits you with a +0 whip. The ribbon worm bites you.
The gnoll hits you but does no damage.
You barely miss the gnoll.
The gnoll is severely wounded.
The ribbon worm bites you but does no damage.
The gnoll hits you with a +0 whip.
You barely miss the gnoll.
The gnoll is severely wounded.
The gnoll hits you but does no damage.
The ribbon worm expels a string of sticky webbing.
The stream of webbing hits you but does no damage.
You are caught in a web!
The gnoll hits you but does no damage. The ribbon worm bites you.
* * * LOW HITPOINT WARNING * * *
Unknown command.
You hit the gnoll but do no damage. Your headbutt misses the gnoll.
The gnoll is severely wounded.
The gnoll hits you but does no damage.
The ribbon worm bites you but does no damage.
Unknown command.
You completely miss the gnoll.
The gnoll is severely wounded.
The gnoll hits you with a +0 whip.
* * * LOW HITPOINT WARNING * * *
The ribbon worm bites you.
* * * LOW HITPOINT WARNING * * *
The gnoll hits you with a +0 whip.
* * * LOW HITPOINT WARNING * * *
Okay, then.
You barely miss the gnoll.
The gnoll is severely wounded.
The gnoll hits you with a +0 whip.
You die...

#.#
#..........................
#.#
###.#.#....................
#.#
#.#......####.##.#...##.#
#.#
#.#.........#.##.#.......
#.#
#.##.....##.#.##.#.######
### #.##.....##.#.#..#.# ##
#.###'##.##.#.#..#.# ##.
####'###..#g##.#.#..#.# ##..
#.........#@##.#.#....###...
#.........#w#.........##....
#...................#.+.....
#.....................#####.
#.........................##
#.......###.##.............#
#.####### #.###.###.#####..#
#.# #.###............# #.#
#..##.###'#####..#


You could see a ribbon worm and a gnoll.

Vanquished Creatures
  An adder (D:2)
  5 gnolls
  2 dart slugs
  4 bats
  An endoplasm (D:1)
  2 giant cockroaches (D:1)
  2 hobgoblins (D:1)
  2 jackals (D:1)
  3 kobolds (D:1)
  A quokka (D:1)
  2 ball pythons (D:1)
  A goblin (D:1)
  6 rats (D:1)
32 creatures vanquished.

Notes
Turn   | Place    | Note
-------+----------+-------------------------------------------
     0 | D:1      | Peloso the Minotaur Fighter began the quest for the Orb.
     0 | D:1      | Reached XP level 1. HP: 19/19 MP: 0/0
   348 | D:1      | Reached XP level 2. HP: 27/27 MP: 1/1
   407 | D:1      | Found Hoicliedi's Vocational Training.
  1018 | D:2      | Reached XP level 3. HP: 33/33 MP: 2/2
  1108 | D:1      | Reached XP level 4. HP: 40/40 MP: 3/3
  1165 | D:1      | HP: 1/40 [gnoll/+0 flail (8)]
  1533 | D:1      | Slain by a gnoll

Illustrated notes

Levels and vault maps discovered:
D:1:      mrwooster_arrival_arrow, layout_basic, nicolae_shop_vocational
D:2:      layout_rooms

Skill      XL: |  1  2  3  4 |
---------------+-------------+-----
Armour         | 4 |  4.2
Long Blades    | 3 4 |  4.2
Shields        | 4 |  4.4
Fighting       | |  3.9

Action                     |  1- 3 |  4- 6 || total
---------------------------+-------+-------++-------
  Melee: Long sword        |    76 |    20 ||    96
         Headbutt          |    12 |     3 ||    15
    Use: Scroll            |     2 |       ||     2
         Potion            |     1 |       ||     1
 Armour: Plate armour      |    78 |    42 ||   120
         Scale mail        |    14 |       ||    14
  Dodge: Dodged            |    31 |     4 ||    35
  Block: Buckler           |    33 |     6 ||    39
